 Dungeon Crawl Stone Soup version 0.29.1-2-gbd0b4ee654 (webtiles) character file.

Game seed: 7430627683300529666

120 Ivernyr the Insei (level 5, -2/34 HPs)
             Began as an Octopode Transmuter on Nov 1, 2022.
             Slain by an iguana (8 damage)
             ... on level 4 of the Dungeon.
             The game lasted 00:03:49 (3311 turns).

Ivernyr the Insei (Octopode Transmuter)             Turns: 3311, Time: 00:03:50

Health: -2/34      AC:  1    Str: 10    XL:     5   Next: 4%
Magic:  4/9        EV: 13    Int: 17    God:
Gold:   168        SH:  0    Dex: 12    Spells: 3/9 levels left

rFire   . . .      SeeInvis .     - Unarmed
rCold   . . .      Faith    .   (no shield)
rNeg    . . .      Spirit   .   (helmet restricted)
rPois   .          Reflect  .   (no amulet)
rElec   .          Harm     .   (no ring)
rCorr   .          Rampage  .   (no ring)
Will    .....                   (no ring)
Stlth   ++........              (no ring)
HPRegen 0.11/turn               (no ring)
MPRegen 0.11/turn               (no ring)
                                (no ring)
                                (no ring)

@: very slightly contaminated
A: almost no armour, amphibious, 8 rings, camouflage 1, gelatinous body 1,
(nimble swimmer 1), tentacles
a: no special abilities


You were on level 4 of the Dungeon.
You visited 1 branch of the dungeon, and saw 4 of its levels.

You collected 168 gold pieces.

Inventory:

Wands
 r - a wand of roots (8)
Scrolls
 d - a scroll of teleportation {unknown}
 g - 2 scrolls of enchant armour {unknown}
 h - a scroll of magic mapping {unknown}
 i - 2 scrolls of poison {unknown}
 j - a scroll of silence {unknown}
 k - a scroll of fog {unknown}
 l - a scroll of vulnerability {unknown}
 n - 7 scrolls of identify {unknown}
Potions
 a - 2 potions of lignification
 b - a potion of resistance {unknown}
 c - 2 potions of brilliance {unknown}
 e - 2 potions of curing {unknown}
 f - 2 potions of ambrosia {unknown}
 m - a potion of haste {unknown}
 o - a potion of degeneration {unknown}
 p - a potion of might {unknown}
 q - a potion of attraction {unknown}


   Skills:
 + Level 2.2 Fighting
 - Level 2.0 Dodging
 + Level 3.6 Unarmed Combat
 + Level 2.6 Spellcasting
 * Level 3.4 Transmutations


You had 3 spell levels left.
You knew the following spells:

 Your Spells              Type           Power      Damage    Failure   Level
a - Beastly Appendage     Tmut           28%        N/A       4%          1
b - Wereblood             Tmut           14%        N/A       7%          2
c - Spider Form           Tmut/Pois      8%         N/A       26%         3

Your spell library contained the following spells:

 Spells                   Type           Power      Damage    Failure   Level
 Ice Form                 Ice/Tmut       8%         N/A       65%         4


Dungeon Overview and Level Annotations

Branches:
Dungeon (4/15)
 Temple: D:4-7

Altars:

Shops:
D:1 (   D:2 *


Innate Abilities, Weirdness & Mutations

You cannot wear most types of armour.
You are amphibious.
You can wear up to eight rings at the same time.
Your skin changes colour to match your surroundings (Stealth+).
Your rubbery body absorbs attacks. (AC +1, EV +1)
((You are camouflaged when in or above water. (Stealth+)))
You have tentacles for arms and can constrict up to eight enemies at once.


Message History

You hit the iguana.
You kill the iguana!
You have reached level 5!
You feel stronger.
You start resting.
Your transformation has ended.
You start resting.
Magic restored.
You start resting.
HP restored.
Found an escape hatch in the floor.
You open the door.
An iguana comes into view.
There is an open door here.
You see here a scroll labelled DUKUEF URIEMICZI.
n - 7 scrolls labelled DUKUEF URIEMICZI (gained 1)
The iguana bites you!
You tentacle-slap the iguana. You grab the iguana.
The iguana is lightly wounded.
You constrict the iguana, but do no damage.
The iguana barely misses you.
You release your grip on the iguana.
Casting: Spider Form (quite dangerous; 26% risk of failure)
Confirm with . or Enter, or press ? or * to list all spells.
The spell is quite dangerous to miscast (26% risk of failure)!
Continue anyway?
You miscast Spider Form.
You are very lightly contaminated with residual magic.
Nothing appears to happen.
The iguana bites you!
Casting: Spider Form (quite dangerous; 26% risk of failure)
Confirm with . or Enter, or press ? or * to list all spells.
The spell is quite dangerous to miscast (26% risk of failure)!
Continue anyway?
You miscast Spider Form.
Nothing appears to happen.
The iguana bites you.
* * * LOW HITPOINT WARNING * * *
There is an open door here.
The iguana attacks as you move away! The iguana barely misses you.
The iguana attacks as you move away! The iguana barely misses you.
The iguana attacks as you move away! The iguana closely misses you.
The iguana attacks as you move away! The iguana closely misses you.
The iguana attacks as you move away! The iguana bites you!
You die...

#..<..l.#.# ######..######.#
.......l.......#
........)....## ..
.............###.#
........##.......###+####+###
#######....##...#...>.......#
####.##...............#
#..#...@...........####
#......l.##...........+
#.#.......######.....##
#.....................+
#####....#####.#.#.####
########....#####'#..$...
......................###
......................#
..........##.............


You could see an iguana.

Vanquished Creatures
  Ijyb (D:4)
  An iguana (D:4)
  An adder (D:3)
  A worm (D:2)
  2 dart slugs (D:3)
  2 orcs (D:3)
  5 ball pythons
  3 bats
  A giant cockroach (D:1)
  7 goblins
  A hobgoblin (D:3)
  7 jackals (D:1)
  8 kobolds
  2 quokkas
  10 rats
52 creatures vanquished.

Notes
Turn   | Place    | Note
-------+----------+-------------------------------------------
     0 | D:1      | Ivernyr the Octopode Transmuter began the quest for the
                  | Orb.
     0 | D:1      | Reached XP level 1. HP: 13/13 MP: 3/3
   152 | D:1      | Reached XP level 2. HP: 15/18 MP: 5/5
   518 | D:1      | Learned a level 2 spell: Wereblood
   744 | D:1      | Reached XP level 3. HP: 23/23 MP: 2/6
   761 | D:1      | Found Ame Paeng's Weapon Boutique.
   769 | D:1      | Learned a level 3 spell: Spider Form
  1381 | D:2      | Found Urophitre's Assorted Antiques.
  2516 | D:3      | Reached XP level 4. HP: 25/29 MP: 5/7
  2953 | D:4      | Noticed Ijyb
  3075 | D:4      | Killed Ijyb
  3102 | D:4      | Reached XP level 5. HP: 15/34 MP: 1/9
  3311 | D:4      | Slain by an iguana

Illustrated notes

Levels and vault maps discovered:
D:1:      lightli_arrival_flooded_house, layout_rooms, serial_shops,
          nicolae_shop_behind_doors, chequers_serial_rivers_micro_a
D:2:      layout_loops_ring, serial_shops, nicolae_shop_overgrown_old_shop
D:3:      layout_basic, serial_rivers, chequers_serial_rivers_micro_a,
          chequers_serial_rivers_micro_e, chequers_serial_rivers_small_a,
          chequers_serial_rivers_micro_e, minmay_bisected
D:4:      layout_basic, nicolae_vehumet_altar_sigil, uniq_ijyb

Skill      XL: |  1  2  3  4 |
---------------+-------------+-----
Transmutations | 3 |  3.4
Fighting       | 2 |  2.2
Dodging        | |  2.0
Unarmed Combat | |  3.6
Spellcasting   | |  2.6

Action                   |  1- 3 |  4- 6 || total
-------------------------+-------+-------++-------
Melee: Unarmed           |    88 |    23 ||   111
       Tentacles         |    17 |     4 ||    21
       Constrict         |    26 |     5 ||    31
       Kick              |     5 |     5 ||    10
       Punch             |     5 |       ||     5
 Cast: Beastly Appendage |     5 |     2 ||     7
       Wereblood         |     2 |     2 ||     4
       Spider Form       |       |     1 ||     1
 Stab: Sleeping          |     2 |       ||     2
Armor: Skin              |     5 |     1 ||     6
Dodge: Dodged            |    47 |    19 ||    66
